Cogmind - Beta 16.1 @@@ ROGUE MODE // 2026.02.11 @ 18:59:29 Player: Rudrot Result: Destroyed by P2-WQG(R) with Subdweller Beam Cannon Performance ------------- Evolutions (0) 0 Regions Visited (2) 400 Robots Destroyed (23) 115 Value Destroyed (433) 433 Prototype IDs (0) 0 Alien Tech Used (0) 0 Bonus (0) 0 TOTAL SCORE: 948 Bonus ------- None Cogmind --------- Core Integrity 0/250 Matter 266/300 Energy 164/250 System Corruption 3% Temperature Cool (9) Movement Rolling (95) Location -10/Subcaves Parts ------- > --- POWER (1) -------- Ion Engine > --- PROPULSION (2) --- Wheel Subdweller Monowheel > --- UTILITY (2) ------ Medium Storage Unit Targeting Computer > --- WEAPON (2) ------- Improved Light Cannon Improved Light Cannon > --- INVENTORY (10) --- Wheel Sensor Array Signal Interpreter Improved Terrain Scanner Field Recycling Unit (0) Improved Light Cannon Improved Light Cannon Rocket Launcher Rocket Launcher Peak State ------------ > --- POWER ------------ Ion Engine > --- PROPULSION ------- Wheel Subdweller Monowheel > --- UTILITY ---------- Medium Storage Unit Targeting Computer > --- WEAPON ----------- Improved Light Cannon Improved Light Cannon > --- INVENTORY -------- Ion Engine Wheel Sensor Array Signal Interpreter Improved Terrain Scanner Field Recycling Unit Improved Light Cannon Improved Light Cannon Rocket Launcher Rocket Launcher [Rating: 11] Favorites ----------- Power Ion Engine Engine Ion Engine Propulsion Aluminum Leg Leg Aluminum Leg Wheel Wheel Utility Targeting Computer Storage Small Storage Unit Processor Targeting Computer Weapon Assault Rifle Ballistic Gun Assault Rifle Ballistic Cannon Improved Light Cannon Launcher Rocket Launcher Build | -11 -10 -10 ------- Run | Yrd Mat Sub Slots Evolved . | . . . Power . | . . . Propulsion . | . . . Utility . | . . . Weapon . | . . . Parts Attached 20 | 6 12 2 Power 3 | 1 1 1 Engine 3 | 1 1 1 Core . | . . . Reactor . | . . . Propulsion 6 | 2 3 1 Treads . | . . . Leg 3 | 2 1 . Wheel 3 | . 2 1 Hover . | . . . Flight . | . . . Utility 5 | 1 4 . Device . | . . . Storage 4 | 1 3 . Processor 1 | . 1 . Hackware . | . . . Protection . | . . . Artifact . | . . . Weapon 6 | 2 4 . Energy Gun . | . . . Energy Cannon . | . . . Ballistic Gun 2 | 2 . . Ballistic Cannon 2 | . 2 . Launcher 2 | . 2 . Special Weapon . | . . . Impact Weapon . | . . . Slashing Weapon . | . . . Piercing Weapon . | . . . Special Melee Weapon . | . . . Unidentified Prototypes . | . . . Parts Lost 2 | . 1 1 Power 1 | . . 1 Propulsion . | . . . Utility . | . . . Weapon 1 | . 1 . Highest Loss Streak 1 | . 1 1 To Critical Strikes . | . . . Average Backups 7 | . 7 9 Power 1 | . 1 . Propulsion . | . . 1 Utility 2 | . 2 4 Weapon 3 | . 3 4 Tool/Special . | . . . Unused Backups 14 | . 5 9 Power . | . . . Propulsion 2 | . 1 1 Utility 6 | . 2 4 Weapon 6 | . 2 4 Tool/Special . | . . . Average Slot Usage (%) 90 | . 89 100 Engine 14 | . 14 14 Leg 15 | . 17 . Wheel 10 | . 9 28 Storage 13 | . 13 14 Processor 12 | . 12 14 Ballistic Gun 14 | . 15 . Ballistic Cannon 4 | . 2 28 Launcher 3 | . 3 . Peak Build Rating 11 | 6 10 11 Average Rating 7 | 3 7 10 On Entrance 5 | . 6 10 Avg Prop Armor Cover (%) . | . . . Naked Turns . | . . . Heaviest Build 50 | 11 50 23 Greatest Support 30 | 20 20 30 Greatest Overweight (x) 3 | 3 2 1 Average Overweight (x) . | . . . Largest Inventory Capacity 20 | 8 20 10 Average Capacity 9 | 7 9 10 Most Carried 11 | 1 11 10 Average Carried 7 | . 7 9 Final Capacity 10 | 8 10 10 Final Carried 10 | 1 10 9 Class Distribution -------------------- 100% | Mutant Dominant Class ---------------- Mutant | -10/Materials Mutant | -10/Subcaves Resources | -11 -10 -10 ----------- Run | Yrd Mat Sub Matter Collected 1026 | 228 660 138 Remotely . | . . . Salvage Created 641 | . 610 31 Parts 42 | . 40 2 Haulers Intercepted 2 | . 2 . Recyclers Shooed 2 | . 2 . Parts Field Recycled . | . . . Retrieved Matter . | . . . Parts Self-Destructed 5 | . . 5 Prevented . | . . . Parts Restored . | . . . Kills | -11 -10 -10 ------- Run | Yrd Mat Sub Combat Hostiles Destroyed 11 | . 9 2 Guns 3 | . 3 . Cannons 2 | . . 2 AOE 6 | . 6 . Classes Destroyed 9 | . 8 1 Worker 2 | . 2 . Builder 2 | . 2 . Tunneler 1 | . 1 . Hauler 2 | . 2 . Recycler 2 | . 2 . Watcher 3 | . 3 . Swarmer 3 | . 3 . Grunt 6 | . 6 . Subdweller 2 | . . 2 Best Kill Streak 4 | . 4 1 Combat Bots Only 3 | . 3 1 Max Kills in Single Turn 3 | . 3 1 Gunslinging . | . . . Exploded 3 | . 3 . Melee . | . . . Uniques/NPCs Destroyed . | . . . Combat | -11 -10 -10 -------- Run | Yrd Mat Sub Hostile Shots Fired 57 | . 30 27 Missed 15 | . 11 4 Hits 42 | . 19 23 Projectile 42 | . 19 23 Damage Taken 772 | . 240 532 Core 257 | . 43 214 Absorbed by Shields . | . . . Core Remaining (%) 100 | 100 . . Volleys Fired 94 | . 79 15 Largest 2 | . 2 2 Hottest 66 | . 53 66 Shots Fired 140 | . 110 30 Gun 80 | . 80 . Cannon 44 | . 14 30 Launcher 16 | . 16 . Special . | . . . Kinetic 124 | . 94 30 Thermal . | . . . Explosive 16 | . 16 . Electromagnetic . | . . . Robot Hit Streak 9 | . 8 9 Robot Miss Streak 5 | . 5 1 Penetration Max . | . . . Secondary Targets . | . . . Shots Hit Robots 85 | . 62 23 Core Hits 35 | . 31 4 Critical Kills 1 | . 1 . Critical Parts Destroyed . | . . . Critical Strikes 3 | . 1 2 Destroy 1 | . 1 . Blast 2 | . . 2 Melee Attacks . | . . . Impact . | . . . Slashing . | . . . Piercing . | . . . Sneak Attacks . | . . . Combat Hostiles . | . . . Follow-up Attacks . | . . . Damage Inflicted 1793 | . 1324 469 Guns 628 | . 628 . Cannons 571 | . 102 469 Explosions 594 | . 594 . Melee . | . . . Ramming . | . . . Kinetic 1199 | . 730 469 Thermal . | . . . Explosive 594 | . 594 . Electromagnetic . | . . . Impact . | . . . Slashing . | . . . Piercing . | . . . Highest Corruption 3 | . 3 3 Average Corruption 2 | . 2 3 Corruption Purged . | . . . Corruption Blocked . | . . . Effects 32 | . 30 2 Message Errors 7 | . 6 1 Matter Fused 9 | . 9 . Heat Flow Errors 3 | . 3 . Energy Discharges 7 | . 6 1 Data Loss (minor) 3 | . 3 . Misfires 2 | . 2 . Alerts 1 | . 1 . Overload Shots . | . . . Overflow Damage 30 | . 30 . Projectiles 30 | . 30 . Explosions . | . . . Melee . | . . . Knockbacks 6 | . 2 4 Impact . | . . . Kinetic 5 | . 2 3 Secondary 1 | . . 1 Self-Inflicted Damage . | . . . Shots . | . . . Rammed . | . . . Targets Rammed . | . . . Kicked . | . . . Crushed . | . . . Highest Temperature 237 | . 237 . Average Temperature 69 | . 69 . Received Heat Transfer 291 | . 132 159 Siege Activations . | . . . Martial Activations . | . . . Shielding Activations . | . . . Robots Disrupted . | . . . Combat Hostiles . | . . . Robots Corrupted . | . . . Combat Hostiles . | . . . Parts Fried . | . . . Impact Corruptions . | . . . Robots Melted . | . . . Combat Hostiles . | . . . Parts Melted 1 | . . 1 Heat Transferred . | . . . Parts Sabotaged . | . . . Parts Stolen . | . . . Parts Stripped . | . . . Power Chain Reactions . | . . . Alert | -11 -10 -10 ------- Run | Yrd Mat Sub Maximum Alert Level . | . . . Low Security (%) 100 | 100 100 . Level 1 . | . . . Level 2 . | . . . Level 3 . | . . . Level 4 . | . . . Level 5 . | . . . High Security . | . . . Max Security . | . . . Peak Influence 180 | . 180 . Initial . | . . . Average 37 | . 39 . Influence Increases 390 | . 390 . Destroy 0b10 Robot/C 180 | . 180 . Destroy 0b10 Robot/NC 60 | . 60 . Destroy Leader 60 | . 60 . Disable Machine 15 | . 15 . Destroy Structure 75 | . 75 . Influence Decreases 390 | . 390 . Time Decay 380 | . 380 . Lost Part 10 | . 10 . Squads Dispatched 2 | . 2 . Investigation 1 | . 1 . Extermination . | . . . Reinforcement 1 | . 1 . Assault . | . . . Garrison . | . . . Intercept . | . . . Searches Triggered . | . . . Construction Impeded . | . . . Haulers Reinforced . | . . . Active Scanning Responses . | . . . Cargo Convoy Interrupts . | . . . Stealth | -11 -10 -10 --------- Run | Yrd Mat Sub Distress Signals 1 | . 1 . Communications Jammed . | . . . Distress Signals . | . . . Times Spotted 23 | . 19 4 Peak Tracking Total 4 | . 4 2 Tactical Retreats . | . . . Traps | -11 -10 -10 ------- Run | Yrd Mat Sub Traps Triggered 3 | . 3 . Indirectly . | . . . Trap Hack Attempts . | . . . Triggered . | . . . Disarmed . | . . . Reprogrammed . | . . . Reused . | . . . Traps Extracted . | . . . Installed . | . . . Triggered . | . . . Machines | -11 -10 -10 ---------- Run | Yrd Mat Sub Machines Disabled 1 | . 1 . Max in Single Turn 1 | . 1 . Machines Repaired . | . . . Machines Dismantled . | . . . Machines Sabotaged . | . . . Overloaded Fab Kills . | . . . Hacking | -11 -10 -10 --------- Run | Yrd Mat Sub Machines Accessed . | . . . Terminals . | . . . Fabricators . | . . . Repair Stations . | . . . Recycling Units . | . . . Scanalyzers . | . . . Garrison Access . | . . . Total Hacks . | . . . Successful . | . . . Failed . | . . . Catastrophic . | . . . Database Lockouts . | . . . Manual . | . . . Terminals . | . . . Fabricators . | . . . Repair Stations . | . . . Recycling Units . | . . . Scanalyzers . | . . . Garrison Access . | . . . Terminal Hacks . | . . . Fabricator Hacks . | . . . Repair Station Hacks . | . . . Recycling Unit Hacks . | . . . Scanalyzer . | . . . Garrison Access Hacks . | . . . Unauthorized Hacks . | . . . Terminals . | . . . Fabricators . | . . . Repair Stations . | . . . Recycling Units . | . . . Scanalyzers . | . . . Garrison Access . | . . . Data Cores Recovered . | . . . Used . | . . . Hacking Detections . | . . . Full Trace Events . | . . . Feedback Events . | . . . Feedback Blocked . | . . . Robot Schematics Acquired . | . . . Robots Built . | . . . Authchips . | . . . Time . | . . . Total Robot Build Rating . | . . . Part Schematics Acquired . | . . . Parts Built . | . . . Authchips . | . . . Time . | . . . Total Part Build Rating . | . . . Part Studies Acquired . | . . . Parts Repaired . | . . . Time . | . . . Parts Recycled . | . . . Recycled Matter . | . . . Retrieved Matter . | . . . Retrieved Components . | . . . Parts Scanalyzed . | . . . Part Schematics Acquired . | . . . Parts Damaged . | . . . Bothacking | -11 -10 -10 ------------ Run | Yrd Mat Sub Used RIF Installer . | . . . Robots Hacked . | . . . Non-combat . | . . . Combat . | . . . Robot Hacks Applied . | . . . Relay Couplers Released . | . . . Fabnet Peak Effective % . | . . . Robots Rewired . | . . . Allies Hacked . | . . . Hacks Repelled . | . . . Allies | -11 -10 -10 -------- Run | Yrd Mat Sub Total Allies . | . . . Largest Group . | . . . Highest-Rated Group . | . . . Highest-Rated Ally . | . . . Total Orders . | . . . Ally Attacks . | . . . Total Damage . | . . . Kills . | . . . Allies Corrupted . | . . . Allies Melted . | . . . Intel | -11 -10 -10 ------- Run | Yrd Mat Sub Active Infowar (turns) . | . . . Robot Analysis Total . | . . . Derelict Logs Recovered 1 | . . 1 Drone Launches . | . . . Drone Recoveries . | . . . Exploration | -11 -10 -10 ------------- Run | Yrd Mat Sub Turns Passed 2002 | 87 1762 153 Spaces Moved 1538 | 63 1363 112 Core 32 | 32 . . Treads . | . . . Legs 802 | 31 771 . Wheels 704 | . 592 112 Hover . | . . . Flight . | . . . Fastest Speed 50 | 50 80 95 Average Speed 110 | 123 111 95 Slowest Speed 260 | 200 260 95 Overloaded Moves . | . . . Propulsion Burnouts . | . . . Robots Hopped . | . . . Potential Cave-ins . | . . . Cave-ins Triggered . | . . . Exploration Rate (%) 38 | 4 97 14 Regions Visited 2 Branch Regions 1 Pre-discovered Areas . | . . . Known Exits Taken . | . . . Unknown Exits Taken 2 | 1 1 . Scrap Searched . | . . . Spaces Dug 4 | . 4 . Terrain Destroyed 89 | . 89 . Melee . | . . . Projectile 1 | . 1 . AOE 88 | . 88 . Terrain Rammed . | . . . Walls Destroyed . | . . . Machines Disabled . | . . . Actions | -11 -10 -10 --------- Run | Yrd Mat Sub Total 1699 | 69 1500 130 Wait 1 | . 1 . Move 1536 | 62 1362 112 Hop . | . . . Pick Up 27 | 1 26 . Fast Attach 12 | 6 6 . Attach 5 | . 4 1 Detach 4 | . 4 . Swap 4 | . 3 1 Drop 16 | . 15 1 Fire 94 | . 79 15 Melee . | . . . Ram . | . . . Kick . | . . . Crush . | . . . Escape Stasis . | . . . Rewire . | . . . Trap . | . . . Miscellaneous . | . . . Route ------- -11/Scrapyard -10/Materials (discovered 5 exits: [*Mat x3] / [*Min] / [*Sub]) -10/Subcaves (discovered 1 exit: [*Mat]) History --------- Turn | Location | Event 4 | -11/Scrapyard | Discovered new exit (range 16) 88 | -11/Scrapyard | Entered Materials 261 | -10/Materials | Discovered new exit (range 12) 315 | -10/Materials | Build established: Mutant 405 | -10/Materials | Discovered new exit (range 13) 552 | -10/Materials | Discovered new exit (range 13) 1373 | -10/Materials | Discovered new exit (range 7) 1472 | -10/Materials | Discovered new exit (range 10) 1850 | -10/Materials | Entered Subcaves 1851 | -10/Subcaves | Approached by a straggling Scientist 1853 | -10/Subcaves | Learned Materials stockpile data 1944 | -10/Subcaves | Core integrity fell below 50% 1978 | -10/Subcaves | Discovered new exit (range 13) 1988 | -10/Subcaves | Core integrity fell below 20% 2003 | -10/Subcaves | Destroyed by P2-WQG(R) with Subdweller Beam Cannon Last Messages --------------- 01960_ Acquired 3 matter. 01961_ Acquired 1 matter. 01978_ Acquired 15 matter. 01978_ EXIT=FOUND 01979_ G4-26S(R) knocked back. 01980_ Acquired 8 matter. [Achievement: Bumper Bots] 01983_ Acquired 8 matter. 01984_ Subatomizers dissect the Sub. Machine Gun. 01986_ Acquired 8 matter. 01991_ Ion Engine destroyed. 01995_ P2-WQG(R) knocked back. 01995_ P2-WQG(R) Disposable Heat Sink blasted off. 01997_ Subatomizers dissect the Sub. Laser. 01998_ P2-WQG(R) knocked back. O9-APV(c): "I think it's somewhere south of here" 02003_ 4E